 Dungeon Crawl Stone Soup version 0.25.1-2-g60ff931df9 (webtiles) character file.

Game seed: 17980402352722849846

38 musicalSilence the Skirmisher (level 3, 0/30 HPs)
             Began as a Demonspawn Abyssal Knight on Sept 26, 2020.
             Was a Follower of Lugonu.
             Slain by a hobgoblin
             ... wielding a +0 club
             ... led by Robin
              (4 damage)
             ... on level 2 of the Dungeon.
             The game lasted 00:07:05 (315 turns).

musicalSilence the Skirmisher (DsAK)                 Turns: 315, Time: 00:07:05

Health: 0/30       AC:  9    Str: 13    XL:     3   Next: 25%
Magic:  5/5        EV:  6    Int: 13    God:    Lugonu [*.....]
Gold:   18         SH:  0    Dex: 14    Spells: 2/2 levels left

rFire    . . .     SeeInvis .   a - +1 falchion
rCold    . . .     Gourm    .   (no shield)
rNeg     . . .     Faith    .   h - +0 chain mail
rPois    .         Spirit   .   d - +0 helmet
rElec    .         Reflect  .   (no cloak)
rCorr    .         Harm     .   (no gloves)
MR       .....                  (no boots)
Stlth    ..........             (no amulet)
HPRegen  0.10/turn              (no ring)
MPRegen  0.09/turn              (no ring)

@: no status effects
A: thin skeletal structure 1
a: Depart the Abyss, Renounce Religion


You were on level 2 of the Dungeon.
You worshipped Lugonu.
Lugonu was aware of your devotion.
You were full.

You visited 1 branch of the dungeon, and saw 2 of its levels.
You visited the Abyss 1 time.

You collected 18 gold pieces.

Inventory:

Hand Weapons
 a - a +1 falchion (weapon)
 g - a +0 short sword
 k - a +0 dagger
Missiles
 e - 60 stones (quivered)
 i - 5 atropa-tipped darts
Armour
 b - a +0 leather armour
 d - a +0 helmet (worn)
 f - a +0 leather armour
 h - a +0 chain mail (worn)
Jewellery
 l - a +4 ring of evasion {unknown}
Comestibles
 j - a chunk of flesh


   Skills:
 + Level 3.9 Fighting
 + Level 2.2 Long Blades
 + Level 2.0 Armour
 + Level 0.9 Dodging
 + Level 2.6 Invocations


You had 2 spell levels left.
You didn't know any spells.
Your spell library was empty.

Dungeon Overview and Level Annotations

Branches:
Dungeon (2/15)

Altars:

Annotations:
D:2 Robin


Innate Abilities, Weirdness & Mutations

You have a somewhat thin skeletal structure. (Dex +2, Stealth)


Message History

Robin throws the goblin at you!
The hobgoblin hits you but does no damage.
The goblin hits you but does no damage.
You completely miss the goblin. The goblin hits you with a +0 club.
Robin throws the goblin at you! The hobgoblin hits you with a +0 club.
The goblin hits you with a +0 club.
* * * LOW HITPOINT WARNING * * *
You completely miss Robin. The goblin hits you but does no damage.
The goblin closely misses you. Robin hits you but does no damage.
The hobgoblin hits you with a +0 club.
* * * LOW HITPOINT WARNING * * *
The goblin hits you with a +0 club.
* * * LOW HITPOINT WARNING * * *
The goblin completely misses you.
You aren't quite hungry enough to eat that!
You eat the ration.
That ration really hit the spot!
The goblin no longer looks unusually strong.
The goblin completely misses you. Robin hits you but does no damage.
The hobgoblin hits you with a +0 club.
You die...

.#.##...#........#
........'(..(....#
#.#.#.#.#........#
#...#.#........#
##..#.#........# #
#..#.#.....(..####.#.
##..................>
..........ggg......
##.########@####...
#. #gg# # ##s# g. ..#
... .... .....


You could see Robin, a giant cockroach, a hobgoblin (strong) and 4 goblins.

Vanquished Creatures
  A hound (D:2)
  A giant cockroach (D:1)
  2 hobgoblins (D:2)
  A kobold (D:2)
  2 goblins (D:2)
  A rat (D:1)
8 creatures vanquished.

Notes
Turn   | Place    | Note
-------+----------+-------------------------------------------
     0 | Abyss:1  | musicalSilence the Demonspawn Abyssal Knight began the
                  | quest for the Orb.
     0 | Abyss:1  | Reached XP level 1. HP: 18/18 MP: 2/2
    42 | D:1      | Escaped the Abyss
   253 | D:2      | Noticed a hound
   272 | D:2      | Killed a hound
   272 | D:2      | Gained mutation: You have a somewhat thin skeletal
                  | structure. (Dex +2, Stealth) [demonic ancestry]
   272 | D:2      | Reached XP level 2. HP: 20/25 MP: 3/3
   272 | D:2      | Reached XP level 3. HP: 24/30 MP: 4/4
   304 | D:2      | Noticed Robin
   315 | D:2      | Slain by a hobgoblin

Illustrated notes

Levels and vault maps discovered:
D:1:      minmay_arrival_glassed_features, layout_loops_corners, minmay_cupped
D:2:      minmay_skewed_foursquare, layout_basic,
          nicolae_overflow_quartered_altars, uniq_robin

Skill      XL: |  1 |
---------------+----+-----
Long Blades    | 2 |  2.2
Armour         | 2 |  2.0
Fighting       | |  3.9
Dodging        | |  0.9
Invocations    | |  2.6

Action                   || total
-------------------------++-------
Melee: Falchion          ||    31
  Eat: Ration            ||     1
Armor: Chain mail        ||    36
       Leather armour    ||     1
Dodge: Dodged            ||    18
       Rpst.: Falchion   ||     5
